 Dungeon Crawl Stone Soup version 0.31.0-9-g3a7656b989 (webtiles) character file.

Game seed: 18150414566205645341

8 Colgate the Poker (level 2, 20/24 HPs)
             Began as a Demonspawn Cinder Acolyte on Jan 30, 2024.
             Was a High Priest of Ignis.
             Quit the game on level 1 of the Dungeon.
             The game lasted 00:00:15 (164 turns).

Colgate the Poker (Demonspawn Cinder Acolyte)        Turns: 164, Time: 00:00:16

Health: 20/24      AC:  2    Str: 14    XL:     2   Next: 0%
Magic:  3/3        EV: 11    Int: 14    God:    Ignis [*****.]
Gold:   11         SH:  0    Dex:  8    Spells: 3/3 levels left

rFire   + . .        a - -1 spear (flame)
rCold   . . .        (no shield)
rNeg    . . .        b - +0 robe
rPois   .            (no helmet)
rElec   .            (no cloak)
rCorr   .            (no gloves)
SInv    .            (no boots)
Will    .....        (no amulet)
Stlth   +            (no ring)
HPRegen 0.24/turn    (no ring)
MPRegen 0.08/turn

%: no passive effects
@: no status effects
A: weakness stinger 1
a: Renounce Religion, Fiery Armour, Foxfire Swarm, Rising Flame


You were on level 1 of the Dungeon.
You worshipped Ignis.
Ignis was extremely pleased with you.
You visited 1 branch of the dungeon, and saw 1 of its levels.

You collected 11 gold pieces.

Inventory:

Hand Weapons
 a - a -1 spear of flaming (weapon)
Armour
 b - a +0 robe (worn)


   Skills:
 - Level 3.0 Fighting
 + Level 3.2 Polearms
 - Level 1.0 Spellcasting
 - Level 2.6 Fire Magic


You had 3 spell levels left.
You didn't know any spells.
Your spell library contained the following spells:

 Spells                   Type           Power      Damage    Failure   Level
 Scorch                   Fire           16%        2d5       13%         2
 Kiss of Death            Conj/Necr      0%         2d5       26%         1
 Confusing Touch          Hex            0%         N/A       61%         3
 Dispel Undead            Necr           0%         3d6       95%         4


Dungeon Overview and Level Annotations

Branches:
Dungeon (1/15)

Altars:


Innate Abilities, Weirdness & Mutations

You have a small tail.


Message History

No target in view!
Key pressed, stopping explore.
No target in view!
Key pressed, stopping explore.
No target in view!
Things that are here:
a +0 dagger; 3 stones You now have 11 gold pieces.
Found 4 boomerangs.
No target in view!
A bat comes into view.
Found a scroll labelled OTUIRR MUGGURYBRI.
A bat is nearby!
The bat closely misses you.
A bat is nearby!
You hit the bat. You burn the bat.
You kill the bat!
You see here a bat corpse.
A frilled lizard comes into view.
The frilled lizard hisses angrily.
A frilled lizard is nearby!
You see here a scroll labelled OTUIRR MUGGURYBRI.
A frilled lizard is nearby!
You reach to attack!
You closely miss the frilled lizard.
A frilled lizard is nearby!
You miss the frilled lizard.
A frilled lizard is nearby!
You miss the frilled lizard. The frilled lizard bites you.
A frilled lizard is nearby!
You closely miss the frilled lizard. The frilled lizard bites you.
A frilled lizard is nearby!
You hit the frilled lizard. You burn the frilled lizard.
You kill the frilled lizard!
You have reached level 2!
Your demonic ancestry asserts itself...
You grow a small tail.
Search for what [? for help]?
Okay, then.
Okay, then.
Are you sure you want to abandon this character and quit the game? (Confirm with "yes".)

#..........# #.#
#.#######.### #.# #.#
##.#... #.# #.# ##.#....
#.###.####.##...>
#........##.#....
#...†....###.#...
########........# ##.#)#
......†@.....(..###....#
#########..............#
........###...##
##........###.##
#####.###.##.# #.# ###.#
#.# #.### .# #...# #.#
###.#


There were no monsters in sight!

Vanquished Creatures
  An endoplasm (D:1)
  2 goblins (D:1)
  A hobgoblin (D:1)
  2 bats (D:1)
  A frilled lizard (D:1)
  A kobold (D:1)
8 creatures vanquished.

Notes
Turn   | Place    | Note
-------+----------+-------------------------------------------
     0 | D:1      | Colgate the Demonspawn Cinder Acolyte began the quest for
                  | the Orb.
     0 | D:1      | Reached XP level 1. HP: 18/18 MP: 2/2
   164 | D:1      | Gained mutation: You have a small tail. [demonic ancestry]
   164 | D:1      | Reached XP level 2. HP: 20/24 MP: 3/3
   164 | D:1      | Quit the game

Illustrated notes

Levels and vault maps discovered:
D:1:      lemuel_arrival_muddy, layout_loops_ring,
          hellmonk_ecumenical_altar_zigzags, chequers_serial_rivers_room_b,
          dreamdust_princess_bridge

Skill      XL: |  1 |
---------------+----+-----
Polearms       | 3 |  3.2
Fighting       | |  3.0
Spellcasting   | |  1.0
Fire Magic     | |  2.6

Action                     || total
---------------------------++-------
  Melee: Spear             ||    16
 Armour: Robe              ||     3
  Dodge: Dodged            ||     5
